 Dungeon Sprint DCSS version 0.27-a0-1281-ge233d83751 (webtiles) character file.

Game seed: 11795813924620538326

19271 mhtbhm the Imperceptible (level 13, 0/100 HPs)
             Began as a Kobold Berserker on June 14, 2021.
             Was a High Priest of Trog.
             Killed from afar by a fire giant (30 damage)
             ... with a bolt of fire
             ... in the Dungeon (Sprint I: "Red Sonja").
             The game lasted 00:10:31 (4185 turns).

mhtbhm the Imperceptible (Kobold Berserker)         Turns: 4185, Time: 00:10:32

Health: 0/100      AC:  2    Str: 18    XL:     13   Next: 3%
Magic:  13/13      EV: 22    Int:  9    God:    Trog [*****.]
Gold:   1755       SH:  0    Dex: 15    Spells: 12/12 levels left

rFire    + . .     SeeInvis .   s - +2 short sword (flame)
rCold    . . .     Faith    .   (shield restricted)
rNeg     . . .     Spirit   .   b - +0 animal skin
rPois    .         Reflect  .   (no helmet)
rElec    .         Harm     .   u - scarf {shadows}
rCorr    .         Rampage  .   (no gloves)
Will     .....     NoTele   +   (no boots)
Stlth    +++++++++.             (no amulet)
HPRegen  0.26/turn              q - ring of protection from fire
MPRegen  0.13/turn              v - ring of flight

@: flying
A: small, no large weapons, nightstalker 3
a: Renounce Religion, Berserk, Trog's Hand, Brothers in Arms


You were in the Dungeon.
You worshipped Trog.
Trog was extremely pleased with you.
You visited 1 branch You collected 3362 gold pieces.
You spent 1607 gold pieces at shops.

Inventory:

Hand Weapons
 a - a +1 vorpal short sword
 s - a +2 short sword of flaming (weapon)
Missiles
 k - 32 poisoned darts
 l - 3 curare-tipped darts (quivered)
Armour
 b - a +0 animal skin (worn)
 p - +0 gold dragon scales
 u - a scarf of shadows (worn)
Jewellery
 q - a ring of protection from fire (left hand)
 v - a ring of flight (right hand)
Wands
 d - a wand of paralysis (7)
Scrolls
 h - a scroll of blinking
 i - 3 scrolls of enchant weapon
 m - a scroll of enchant armour
 r - a scroll of silence
Potions
 c - a potion of curing
 e - 2 potions of haste
 f - 2 potions of magic
 g - a potion of berserk rage
 n - 2 potions of resistance
 o - 3 potions of flight
 t - a potion of brilliance


   Skills:
 + Level 19.2 Fighting
 + Level 19.6 Short Blades
 + Level 2.1 Throwing
 + Level 5.8 Armour
 + Level 14.1 Dodging
 + Level 22.8 Stealth
 + Level 0.5 Evocations


You had 12 spell levels left.
You didn't know any spells.
Your spell library was empty.

Dungeon Overview and Level Annotations

Branches:
Dungeon (1/1)

Altars:
Cheibriados
Dithmenos
Elyvilon
Fedhas
Gozag
Hepliaklqana
Kikubaaqudgha
Makhleb
Nemelex Xobeh
Okawaru
Qazlal
Ru
Sif Muna
Trog
Uskayaw
Vehumet
Wu Jian
Xom
Yredelemnul
Zin
The Shining One
Jiyva
Lugonu

Shops:
D ?=!*:*?:*!?(=!*!*(=[**


Innate Abilities, Weirdness & Mutations

You are small and have problems with some larger weapons.
You are completely attuned to the shadows.


Message History

The fire giant is almost dead.
The fire giant points at you and mumbles some strange words.
The fireball explodes!
The fireball engulfs you! You resist.
* * * LOW HITPOINT WARNING * * *
Unknown command.
Unknown command.
Unknown command.
Aiming: Iceblast
Press: ? - help, Shift-Dir - straight line, f/p - fire giant
Aim: a fire giant, wielding a +0 great sword of flaming (almost dead)
The mass of ice explodes!
The iceblast engulfs the fire giant.
The fire giant is almost dead.
The now-empty wand crumbles to dust.
A fire giant comes into view.
It is wielding a +0 great sword of flaming.
Unknown command.
Unknown command.
You puncture the fire giant!
You kill the fire giant!
Trog accepts your kill.
Trog appreciates your killing of a magic user.
Your Dodging skill increases to level 14!
You have reached level 13!
Unknown command.
Okay, then.
Blink to where?
Press: ? - help, Dir - move target
As you read the scroll of blinking, it crumbles to dust.
Your troll goes berserk!
Unknown command.
You feel better.
Your troll bites the fire giant.
Your troll claws the fire giant.
Your troll claws the fire giant but does no damage.
Unknown command.
You feel better.
Your troll bites the fire giant but does no damage.
Your troll claws the fire giant.
Your troll barely misses the fire giant.
The fire giant casts a spell at you. The bolt of fire hits you!! You resist.
You die...

#)###,,,*^,,,,#..###,*,,≈,##'#§§§
#.'.#,,^***++*#.##..,*,,≈##§§§§.§
###.#,^***,,**#..#+#**,,≈#...^§..
∩##.#,,****,,*##...#,≈,,##§..§.^.
###.#*+*,,*,,*,###.#,≈,,#.....§§.
.##.#*,*,,,,,,,,,#.#**,,#§....|†.
.§'.#***,,,,,,,,,#.#,+,,*#§.^^.§.
###§#,,+,,,,,,####'#^**'*#.......
§§#§#****,,,###.@..#^*≈≈≈##......
§#§§#,,,*####)CT####^*≈≈≈≈##).)[.
§####,,,,..C..###,,,,*≈≈≈≈≈######
§#*,,,,,,.#####,,^,****≈≈≈≈*≈≈≈≈≈
##*,,,,,,**,,,^,,,^*,,*'≈≈≈'≈≈,≈≈
# *,,,,,**^,,^,,,,,*,,,**≈≈*≈≈≈≈≈
##*,,,,,*^,,,,,,,,,*,,,,******'**
∩#***********,^,^^,*,,,,*≈≈≈≈≈≈≈≈
##*≈≈≈≈≈≈≈≈,*,^,,^,*******≈≈≈≈≈≈≈


You could see a fire giant (ally target) and a friendly troll (summoned,
berserk).

Vanquished Creatures
  A golden dragon (D)
  A shadow dragon (D)
  A fire giant (D)
  A hydra (D)
  2 centaur warriors (D)
  Sonja (D)
  A deep troll (D)
  A lindwurm (D)
  An oklob plant (D)
  7 unseen horrors (D)
  2 kobold demonologists (D)
  4 demonic crawlers (D)
  A hornet (D)
  A slime creature (D)
  Sigmund (D)
  2 redbacks (D)
  A yak (D)
  7 hogs (D)
  3 floating eyes (D)
  6 necrophages (D)
  An ogre (D)
  7 jellies (D)
  Ijyb (D)
54 creatures vanquished.

Vanquished Creatures (collateral kills)
  2 fire giants (D)
  8 shining eyes (D)
  6 hogs (D)
  4 floating eyes (D)
  A necrophage (D)
  A jelly (D)
22 creatures vanquished.

Vanquished Creatures (others)
  A gargoyle (D)
  2 ballistomycete spores (D)
3 creatures vanquished.

Grand Total: 79 creatures vanquished

Notes
Turn   | Place    | Note
-------+----------+-------------------------------------------
     0 | D        | mhtbhm the Kobold Berserker began the quest for the Orb.
     0 | D        | Reached XP level 1. HP: 14/14 MP: 1/1
     1 | D        | Noticed Ijyb
    11 | D        | Killed Ijyb
    12 | D        | Reached skill level 5 in Fighting
    12 | D        | Reached XP level 2. HP: 15/21 MP: 2/2
    12 | D        | Reached XP level 3. HP: 19/26 MP: 3/3
   163 | D        | Noticed an ogre
   170 | D        | Killed an ogre
   171 | D        | Reached XP level 4. HP: 29/34 MP: 4/4
   171 | D        | Reached XP level 5. HP: 33/38 MP: 5/5
   301 | D        | Noticed Sigmund
   315 | D        | Killed Sigmund
   315 | D        | Reached ** piety under Trog
   316 | D        | Reached skill level 5 in Dodging
   316 | D        | Reached XP level 6. HP: 43/46 MP: 6/6
   434 | D        | Found a burning altar of Makhleb.
   434 | D        | Found a viscous altar of Jiyva.
   434 | D        | Found a shimmering altar of Xom.
   434 | D        | Found a corrupted altar of Lugonu.
   434 | D        | Noticed a slime creature
   442 | D        | Killed a slime creature
   443 | D        | Reached skill level 10 in Fighting
   443 | D        | Reached skill level 2 in Stealth
   443 | D        | Reached XP level 7. HP: 52/52 MP: 7/7
   479 | D        | Found an ornate altar of the Wu Jian Council.
   480 | D        | Found a shimmering blue altar of Sif Muna.
   481 | D        | Found a radiant altar of Vehumet.
   512 | D        | Found a hazy altar of Hepliaklqana.
   512 | D        | Found a stormy altar of Qazlal.
   512 | D        | Found a hide-covered altar of Uskayaw.
   512 | D        | Found a blossoming altar of Fedhas.
   512 | D        | Noticed a yak
   513 | D        | Found Fytrehusm's General Store.
   513 | D        | Found a bloodstained altar of Trog.
   513 | D        | Found an opulent altar of Gozag.
   513 | D        | Found a snail-covered altar of Cheibriados.
   535 | D        | Killed a yak
   535 | D        | Reached *** piety under Trog
   536 | D        | Reached skill level 3 in Stealth
   536 | D        | Found an iron altar of Okawaru.
   536 | D        | Found a sparkling altar of Nemelex Xobeh.
   536 | D        | Found a sacrificial altar of Ru.
   536 | D        | Found a glowing silver altar of Zin.
   537 | D        | Found an ancient bone altar of Kikubaaqudgha.
   537 | D        | Found a basalt altar of Yredelemnul.
   537 | D        | Found a glowing golden altar of the Shining One.
   537 | D        | Found a shadowy altar of Dithmenos.
   537 | D        | Found a white marble altar of Elyvilon.
   608 | D        | Bought a scroll of enchant weapon for 90 gold pieces
   644 | D        | Noticed a kobold demonologist
   654 | D        | Paralysed by a floating eye for 4 turns
   665 | D        | Reached skill level 4 in Stealth
   665 | D        | Reached XP level 8. HP: 60/60 MP: 8/8
   667 | D        | Noticed a kobold demonologist
   676 | D        | Noticed an orange demon
   676 | D        | Killed a kobold demonologist
   677 | D        | Reached skill level 5 in Stealth
   684 | D        | Killed a kobold demonologist
   684 | D        | Reached **** piety under Trog
   691 | D        | HP: 3/60 [poisoned by an orange demon]
   993 | D        | Noticed Sonja
  1009 | D        | Killed Sonja
  1010 | D        | Reached skill level 15 in Short Blades
  1010 | D        | Reached skill level 5 in Armour
  1010 | D        | Reached skill level 6 in Stealth
  1010 | D        | Reached XP level 9. HP: 53/68 MP: 9/9
  1235 | D        | Found Nemaafif's Magic Scroll Boutique.
  1240 | D        | Bought a scroll of blinking for 82 gold pieces
  1240 | D        | Bought a scroll of enchant armour for 82 gold pieces
  1240 | D        | Bought a scroll of identify for 22 gold pieces
  1240 | D        | Bought a scroll of identify for 22 gold pieces
  1240 | D        | Bought a scroll of identify for 22 gold pieces
  1240 | D        | Bought a scroll of enchant weapon for 82 gold pieces
  1340 | D        | Killed a gargoyle
  1367 | D        | Noticed a deep troll
  1371 | D        | Killed a deep troll
  1371 | D        | Reached ***** piety under Trog
  1372 | D        | Reached skill level 7 in Stealth
  1381 | D        | Found Siuggu's Armour Emporium.
  1404 | D        | Noticed a centaur warrior
  1404 | D        | Noticed a centaur warrior
  1405 | D        | Killed a centaur warrior
  1406 | D        | Reached skill level 8 in Stealth
  1406 | D        | Reached XP level 10. HP: 76/76 MP: 10/10
  1416 | D        | Killed a centaur warrior
  1417 | D        | Reached skill level 10 in Dodging
  1417 | D        | Reached skill level 9 in Stealth
  1528 | D        | Reached skill level 1 in Throwing
  1538 | D        | Noticed an oklob plant
  1540 | D        | Killed an oklob plant
  1540 | D        | Received a gift from Trog
  1541 | D        | Reached skill level 15 in Fighting
  1541 | D        | Reached skill level 10 in Stealth
  1604 | D        | Killed an unseen horror
  1605 | D        | Reached skill level 11 in Stealth
  1745 | D        | Killed an unseen horror
  1825 | D        | Reached ****** piety under Trog
  2070 | D        | Reached XP level 11. HP: 83/83 MP: 11/11
  2139 | D        | Reached skill level 12 in Stealth
  2368 | D        | Received a gift from Trog
  2417 | D        | Identified the +7 battleaxe "Geory" {vorpal, rElec Will+
                  | Dex-5}
  2421 | D        | Found Giv Nyaf's Book Shoppe.
  2421 | D        | Found Soriof's Magic Scroll Shop.
  2421 | D        | Found Zear's General Store.
  2423 | D        | Found Fuimust's Distillery.
  2423 | D        | Found Hikluypsod's Magic Scroll Shop.
  2423 | D        | Found Tiupic's Weapon Shoppe.
  2423 | D        | Found Yseatowk's Jewellery Boutique.
  2425 | D        | Bought a scroll of blinking for 97 gold pieces
  2427 | D        | Found Zanestr Baov's Distillery.
  2428 | D        | Found Manewoiv's General Store.
  2429 | D        | Found Ysacuod's Distillery.
  2430 | D        | Found Ukka's Assorted Antiques.
  2431 | D        | Found Hyrurghit's Jewellery Emporium.
  2431 | D        | Found Vihiliv's Antique Weapon Boutique.
  2435 | D        | Bought a ring of protection from fire for 250 gold pieces
  2437 | D        | Found Kunluihonn's Assorted Antiques.
  2500 | D        | Reached skill level 13 in Stealth
  2520 | D        | Noticed a lindwurm
  2523 | D        | Killed a lindwurm
  2524 | D        | Reached skill level 14 in Stealth
  2553 | D        | Received a gift from Trog
  2571 | D        | Reached skill level 15 in Stealth
  2586 | D        | Received a gift from Trog
  2847 | D        | Noticed a 12-headed hydra
  2849 | D        | Killed a 12-headed hydra
  2850 | D        | Reached skill level 16 in Stealth
  2851 | D        | Paralysed by a floating eye for 2 turns
  2921 | D        | Identified a scroll of acquirement
  2927 | D        | Acquired a manual of Stealth
  2932 | D        | Noticed a shadow dragon
  2933 | D        | Noticed a golden dragon
  2936 | D        | Killed a shadow dragon
  2937 | D        | Reached skill level 18 in Stealth
  2937 | D        | Reached XP level 12. HP: 91/91 MP: 12/12
  2938 | D        | Killed a golden dragon
  2939 | D        | Reached skill level 21 in Stealth
  3007 | D        | Found Tophia's Assorted Antiques.
  3026 | D        | Bought an embroidered scarf for 144 gold pieces
  3136 | D        | Received a gift from Trog
  3146 | D        | Received a gift from Trog
  3148 | D        | Reached skill level 22 in Stealth
  3154 | D        | Found Xapral's Book Shop.
  3155 | D        | Found Xuefoicuf's General Store.
  3166 | D        | Found Izunam's Distillery.
  3166 | D        | Found Xenyotwa's Jewellery Shoppe.
  3170 | D        | Bought a potion of flight for 42 gold pieces
  3170 | D        | Bought a potion of flight for 42 gold pieces
  3170 | D        | Bought 2 potions of resistance for 280 gold pieces
  3170 | D        | Bought a potion of haste for 140 gold pieces
  3172 | D        | Bought a ring of flight for 210 gold pieces
  3262 | D        | Noticed a daeva
  4166 | D        | Noticed a fire giant
  4168 | D        | Noticed a fire giant
  4172 | D        | Killed a fire giant
  4172 | D        | Received a gift from Trog
  4174 | D        | Killed a fire giant
  4174 | D        | Noticed a fire giant
  4180 | D        | Noticed a fire giant
  4181 | D        | Killed a fire giant
  4182 | D        | Reached XP level 13. HP: 13/100 MP: 13/13
  4185 | D        | Killed from afar by a fire giant

Illustrated notes

Levels and vault maps discovered:
D:        dungeon_sprint_1 [red_sonja_temple_1, red_sonja_temple_small_1]

Skill      XL: |  1  2  3  4  5  6  7  8  9 10 11 12 |
---------------+-------------------------------------+-----
Fighting       | 5 7 9 10 11 13 14 15 17 19 | 19.2
Short Blades   | 6 8 11 12 13 15 16 17 18 19 | 19.6
Armour         | 2 3 4 5 |  5.8
Dodging        | 3 4 5 6 7 8 9 10 12 14 | 14.1
Stealth        | 2 4 6 8 11 18 22 | 22.8
Throwing       | 1 2 |  2.1
Evocations     | |  0.5

Action                   |  1- 3 |  4- 6 |  7- 9 | 10-12 | 13-15 || total
-------------------------+-------+-------+-------+-------+-------++-------
Melee: Short sword       |    14 |    16 |    51 |    95 |       ||   176
       Dagger            |       |       |     2 |    91 |       ||    93
Throw: Dart              |       |       |     2 |       |       ||     2
Invok: Berserk           |     2 |     2 |     3 |    11 |       ||    18
       Brothers in Arms  |       |       |       |     6 |     1 ||     7
Evoke: Wand              |       |       |       |     3 |       ||     3
  Use: Scroll            |       |       |     1 |     7 |     1 ||     9
       Potion            |       |       |       |     1 |     2 ||     3
 Stab: Sleeping          |       |     1 |     3 |    16 |       ||    20
Armor: Animal skin       |       |       |       |     5 |       ||     5
Dodge: Dodged            |     2 |     4 |    32 |    86 |       ||   124

Table legend: (Time is in decaauts)
 A = Elapsed time spent in this place.
 B = Non-inter-level travel time spent in this place.
 C = Inter-level travel time spent in this place.
 D = Time resting spent in this place.
 E = Time spent auto-exploring this place.
 F = Levels seen in this place.
 G = Mean time per level.
                   A        B        C        D        E       F      G
               +--------+--------+--------+--------+--------+-----+--------+
         Total |   4183 |   4183 |      0 |   2888 |      1 |   1 | 4183.0 |
       Dungeon |   4183 |   4183 |      0 |   2888 |      1 |   1 | 4183.0 |
               +--------+--------+--------+--------+--------+-----+--------+

Top non-repeatable levels by time:
       D: 4183 daAuts
